Map: Stärke LE

Players

Postidochi - Winner!

  • Race: Protoss Protoss
  • Spawn Location: 5:00

Zeratul - Winner!

  • Race: Protoss Protoss
  • Spawn Location: 5:00

Moesg - Winner!

  • Race: Zerg Zerg
  • Spawn Location: 5:00

Wipeout - Winner!

  • Race: Protoss Protoss
  • Spawn Location: 5:00

Hagoromo

  • Race: Protoss Protoss
  • Spawn Location: 11:00

NeutralCloud

  • Race: Terran Terran
  • Spawn Location: 11:00

andrioso

  • Race: Protoss Protoss
  • League: Gold
  • Spawn Location: 11:00

Teomix

  • Race: Terran Terran
  • Spawn Location: 11:00

VOD

Have the link to the VOD?

Description

Time

  • Played on: Oct. 26, 2020, 6:10 p.m.
  • Length: 29:39
Show
View Real Time Build Order
Export as new Build Order

Postidochi Protoss - Winner!

Build Orders: Nexus First 

Get SALT Encoding   

  12  0:00  Probe (Chrono Boost)  
  13  0:10  Probe (Chrono Boost)  
  14  0:15  Probe (Chrono Boost)  
  15  0:49  Nexus  
  15  0:54  Pylon  
  15  0:58  Assimilator  
  15  1:04  Assimilator  
  15  1:16  Gateway  
  15  1:23  Probe (Chrono Boost)  
  16  1:35  Probe (Chrono Boost)  
  17  1:41  Probe (Chrono Boost)  
  18  1:50  Probe  
  19  2:02  Probe  
  19  2:03  Cybernetics Core  
  20  2:10  Pylon  
  20  2:13  Probe (Chrono Boost)  
  22  2:18  Probe (Chrono Boost)  
  22  2:24  Probe (Chrono Boost)  
  22  2:29  Probe x2 (Chrono Boost)  
  25  2:39  Probe  
  25  2:42  Stargate  
  26  2:46  Stargate  
  26  2:53  Probe (Chrono Boost)  
  27  3:03  Probe (Chrono Boost)  
  27  3:04  Assimilator  
  28  3:08  Probe (Chrono Boost)  
  28  3:10  Assimilator  
  29  3:19  Probe (Chrono Boost)  
  30  3:24  Void Ray  
  30  3:31  Probe (Chrono Boost)  
  30  3:32  Void Ray  
  35  3:36  Probe (Chrono Boost)  
  40  3:46  Probe  
  41  3:58  Probe  
  42  4:04  Nexus  
  42  4:10  Probe  
  42  4:12  Assimilator  
  42  4:15  Assimilator  
  43  4:19  Pylon  
  43  4:21  Pylon  
  43  4:23  Probe (Chrono Boost)  
  44  4:31  Void Ray  
  44  4:33  Probe (Chrono Boost)  
  44  4:38  Probe (Chrono Boost)  
  49  4:45  Pylon  
  50  4:48  Stargate  
  50  4:56  Probe (Chrono Boost)  
  51  5:01  Void Ray  
  56  5:07  Probe (Chrono Boost)  
  56  5:12  Probe (Chrono Boost)  
  56  5:14  Pylon  
  57  5:17  Void Ray  
  57  5:19  Pylon  
  57  5:22  Probe  
  63  5:29  Probe (Chrono Boost)  
  63  5:34  Probe (Chrono Boost)  
  65  5:39  Probe (Chrono Boost)  
  65  5:40  Protoss Air Weapons Level 1 (Chrono Boost)  
  65  5:41  Void Ray  
  65  5:45  Probe (Chrono Boost)  
  65  5:49  Probe (Chrono Boost)  
  71  5:50  Probe (Chrono Boost)  
  71  5:53  Pylon  
  72  5:58  Forge  
  72  6:01  Probe  
  73  6:04  Fleet Beacon  
  73  6:12  Void Ray  
  73  6:14  Stargate  
  77  6:19  Void Ray  
  77  6:20  Probe (Chrono Boost)  
  78  6:29  Probe (Chrono Boost)  
  78  6:30  Protoss Shields Level 1 (Chrono Boost)  
  83  6:34  Probe (Chrono Boost)  
  83  6:38  Unknown  
  84  6:46  Probe, Void Ray  
  85  6:53  Void Ray  
  89  6:55  Twilight Council  
  89  6:58  Probe  
  94  7:06  Pylon  
  94  7:07  Pylon  
  94  7:09  Void Ray  
  94  7:10  Probe  
  94  7:12  Pylon  
  99  7:24  Probe (Chrono Boost)  
  99  7:25  Void Ray  
  99  7:26  Protoss Air Armor Level 1 (Chrono Boost)  
  100  7:34  Probe (Chrono Boost)  
  100  7:35  Void Ray  
  105  7:39  Probe (Chrono Boost)  
  105  7:40  Photon Cannon  
  110  7:46  Void Ray  
  110  7:47  Void Ray  
  110  7:50  Probe  
  119  8:04  Stargate  
  119  8:05  Void Ray  
  123  8:17  Photon Cannon  
  123  8:30  Void Ray  
  123  8:38  Nexus  
  123  8:39  Pylon  
  127  8:41  Pylon  
  127  8:43  Pylon  
  127  8:46  Assimilator  
  127  8:51  Assimilator  
  127  8:54  Pylon  
  127  9:05  Nexus  
  127  9:06  Pylon  
  127  9:07  Pylon  
  127  9:09  Pylon  
  127  9:12  Assimilator  
  127  9:14  Void Ray  
  127  9:16  Void Ray  
  127  9:17  Assimilator  
  127  9:19  Pylon, Photon Cannon  
  127  9:20  Protoss Air Weapons Level 2 (Chrono Boost)  
  127  9:21  Void Ray  
  127  9:22  Photon Cannon  
  135  9:31  Probe (Chrono Boost)  
  140  9:40  Probe (Chrono Boost)  
  141  9:46  Probe (Chrono Boost)  
  141  9:49  Void Ray  
  141  9:50  Void Ray  
  143  9:53  Probe (Chrono Boost)  
  143  9:54  Protoss Shields Level 2 (Chrono Boost)  
  153  10:00  Probe (Chrono Boost)  
  153  10:02  Probe (Chrono Boost)  
  153  10:03  Probe (Chrono Boost)  
  154  10:07  Probe (Chrono Boost)  
  155  10:14  Void Ray  
  155  10:15  Photon Cannon  
  155  10:18  Photon Cannon  
  155  10:19  Probe (Chrono Boost)  
  161  10:28  Void Ray  
  161  10:30  Probe (Chrono Boost)  
  161  10:31  Probe (Chrono Boost)  
  161  10:33  Void Ray  
  166  10:38  Probe (Chrono Boost), Void Ray  
  166  10:39  Probe (Chrono Boost)  
  172  10:43  Probe (Chrono Boost), Void Ray  
  172  10:45  Probe  
  182  10:51  Void Ray  
  182  10:54  Probe  
  183  10:57  Probe  
  188  11:05  Void Ray  
  188  11:06  Probe  
  188  11:10  Void Ray  
  189  11:18  Probe  
  199  11:36  Protoss Air Armor Level 2 (Chrono Boost)  
  199  11:44  Probe (Chrono Boost)  
  200  11:54  Probe (Chrono Boost)  
  200  12:10  Stargate x2  
  200  12:12  Stargate  
  200  12:24  Stargate  
  200  12:26  Stargate  
  200  12:32  Stargate  
  200  12:34  Stargate  
  200  12:36  Stargate  
  200  12:38  Stargate  
  188  13:13  Void Ray x2 (Chrono Boost)  
  188  13:14  Void Ray (Chrono Boost)  
  200  13:41  Void Ray x2 (Chrono Boost)  
  176  13:42  Void Ray x8 (Chrono Boost)  
  176  13:43  Void Ray (Chrono Boost)  
  176  13:46  Void Ray (Chrono Boost)  
  176  13:47  Void Ray (Chrono Boost)  
  140  13:57  Void Ray (Chrono Boost)  
  148  14:07  Protoss Air Weapons Level 3  
  148  14:11  Void Ray x3  
  148  14:12  Void Ray x4  
  167  14:25  Void Ray x2  
  126  15:01  Void Ray  
  126  15:02  Void Ray x5  
  150  15:30  Nexus  
  150  15:32  Void Ray x3  
  150  15:34  Pylon  
  150  15:36  Pylon  
  150  15:37  Pylon  
  162  15:50  Void Ray  
  162  15:51  Void Ray  
  166  16:04  Void Ray x2  
  138  16:34  Void Ray  
  138  16:35  Void Ray x2  
  142  16:58  Void Ray  
  142  16:59  Void Ray x2  
  110  17:17  Probe (Chrono Boost)  
  110  17:20  Void Ray x3  
  112  17:24  Probe (Chrono Boost)  
  112  17:27  Probe (Chrono Boost)  
  125  17:30  Void Ray  
  125  17:32  Probe (Chrono Boost)  
  130  17:44  Probe  
  131  17:55  Void Ray x2  
  131  17:56  Probe  
  131  17:57  Void Ray  
  144  18:09  Void Ray  
  144  18:16  Void Ray  
  152  18:37  Void Ray (Chrono Boost)  
  95  19:30  Void Ray  
  87  19:46  Void Ray  
  87  19:55  Pylon  
  87  19:56  Pylon  
  87  19:58  Pylon  
  87  19:59  Pylon  
  87  20:00  Pylon  
  87  20:17  Void Ray  
  87  20:21  Pylon  
  87  20:22  Pylon  
  87  20:25  Pylon  
  87  20:27  Pylon  
  87  20:33  Pylon  
  87  20:38  Pylon  
  87  20:45  Pylon  
  87  20:47  Void Ray x11  
  87  20:52  Pylon  
  87  20:54  Pylon  
  131  20:57  Pylon  
  131  21:00  Pylon  
  131  21:03  Pylon  
  131  21:08  Pylon  
  131  21:10  Pylon  
  131  21:12  Protoss Shields Level 3 (Chrono Boost)  
  131  21:13  Pylon  
  131  21:57  Protoss Air Armor Level 3 (Chrono Boost)  
  131  22:00  Void Ray  
  131  22:07  Void Ray  
  139  22:39  Void Ray x2  
  147  22:54  Void Ray  
  147  23:03  Void Ray  
  155  23:14  Void Ray  
  159  23:44  Void Ray x2  
  167  23:56  Void Ray  
  171  24:09  Void Ray  
  175  24:24  Void Ray  
  179  24:37  Void Ray  
  183  24:51  Void Ray  
  187  25:23  Nexus  
  187  25:28  Pylon  
  187  25:29  Pylon  
  187  25:32  Void Ray x2, Pylon  
  187  25:34  Pylon  
  186  25:35  Pylon  
  186  25:38  Assimilator  
  194  25:43  Assimilator  
  170  26:04  Void Ray  
  170  26:43  Photon Cannon  
  170  26:44  Photon Cannon  
  170  26:47  Photon Cannon  
  170  26:48  Photon Cannon  
  170  26:49  Void Ray x2  
  170  26:50  Photon Cannon  
  170  26:51  Nexus  
  170  26:53  Pylon, Photon Cannon  
  170  26:54  Pylon, Photon Cannon  
  170  26:56  Photon Cannon  
  170  26:57  Pylon, Photon Cannon  
  170  26:59  Pylon  
  170  27:00  Pylon  
  178  27:03  Assimilator  
  178  27:08  Assimilator  
  178  27:21  Photon Cannon  
  178  27:22  Photon Cannon  
  178  27:25  Photon Cannon  
  178  27:26  Photon Cannon  
  178  27:28  Photon Cannon  
  178  27:31  Photon Cannon  
  178  27:32  Photon Cannon  
  178  27:33  Photon Cannon  
  178  27:35  Photon Cannon  
  178  27:49  Void Ray x3  
  190  28:16  Nexus, Void Ray  
  190  28:17  Void Ray  
  190  28:19  Pylon  
  190  28:20  Pylon  
  190  28:23  Pylon  
  190  28:24  Pylon  
  198  28:27  Pylon  
  198  28:28  Pylon  
  198  28:30  Pylon  
  198  28:32  Assimilator  
  198  28:37  Assimilator  
  198  28:43  Photon Cannon  
  198  28:44  Photon Cannon  
  198  28:47  Photon Cannon  
  198  28:48  Photon Cannon  
  198  28:50  Photon Cannon  
  198  28:51  Photon Cannon  
  198  28:55  Photon Cannon  
  198  28:56  Photon Cannon  
  198  28:57  Photon Cannon  
  198  28:58  Photon Cannon  
  198  29:00  Photon Cannon  
  198  29:21  Nexus  
  198  29:23  Pylon  
  198  29:24  Pylon  
  198  29:26  Pylon  
  198  29:27  Pylon  
  198  29:30  Pylon  
  198  29:31  Pylon  
  198  29:33  Pylon  
  198  29:35  Assimilator  
Show
View Real Time Build Order
Export as new Build Order

Zeratul Protoss - Winner!

Build Orders: Carriers 

Get SALT Encoding   

  12  0:01  Probe  
  13  0:13  Probe  
  14  0:28  Pylon  
  14  0:41  Probe  
  15  0:53  Probe  
  15  0:54  Forge  
  16  1:05  Probe  
  16  1:07  Gateway  
  17  1:17  Probe, Assimilator  
  18  1:23  Assimilator  
  18  1:26  Pylon  
  18  1:29  Probe  
  19  1:46  Probe  
  20  1:58  Probe  
  21  2:03  Nexus  
  21  2:08  Assimilator  
  21  2:10  Probe  
  21  2:11  Assimilator  
  22  2:20  Pylon  
  22  2:28  Zealot  
  24  2:35  Probe  
  25  2:47  Probe  
  25  2:49  Photon Cannon  
  26  2:55  Zealot  
  28  2:59  Probe  
  29  3:14  Probe  
  30  3:33  Photon Cannon  
  30  3:36  Nexus, Photon Cannon  
  30  3:46  Photon Cannon  
  30  3:48  Probe  
  31  4:00  Probe  
  32  4:06  Photon Cannon  
  32  4:12  Probe  
  33  4:21  Pylon  
  33  4:23  Pylon  
  33  4:24  Probe  
  34  4:42  Photon Cannon  
  34  4:46  Probe (Chrono Boost)  
  35  4:57  Probe (Chrono Boost)  
  35  4:59  Pylon  
  36  5:02  Probe (Chrono Boost), Pylon  
  36  5:04  Pylon  
  36  5:06  Pylon  
  37  5:10  Assimilator  
  37  5:12  Probe  
  38  5:16  Assimilator  
  38  5:25  Probe  
  38  5:28  Photon Cannon  
  39  5:29  Photon Cannon  
  39  5:35  Probe  
  40  5:39  Probe  
  41  5:47  Probe  
  42  5:52  Probe  
  43  5:59  Probe, Pylon  
  43  6:02  Pylon  
  43  6:04  Probe  
  45  6:11  Probe  
  45  6:13  Pylon  
  46  6:21  Cybernetics Core  
  46  6:23  Probe  
  47  6:35  Photon Cannon  
  47  6:52  Probe  
  48  6:59  Probe  
  49  7:07  Photon Cannon  
  49  7:11  Probe  
  50  7:23  Probe  
  51  7:35  Photon Cannon  
  51  7:36  Probe  
  51  7:37  Photon Cannon  
  52  7:40  Photon Cannon  
  52  7:43  Photon Cannon  
  52  7:45  Photon Cannon  
  52  7:47  Photon Cannon  
  52  7:48  Probe  
  53  7:55  Stargate  
  53  7:58  Stargate  
  53  7:59  Stargate  
  53  8:00  Probe  
  53  8:03  Twilight Council  
  54  8:13  Robotics Facility  
  54  8:19  Probe  
  55  8:31  Probe  
  55  8:33  Photon Cannon  
  56  8:38  Photon Cannon  
  56  8:42  Photon Cannon  
  56  8:43  Probe  
  57  8:55  Protoss Shields Level 1  
  57  8:56  Probe  
  58  9:06  Protoss Air Weapons Level 1  
  58  9:08  Probe  
  59  9:57  Fleet Beacon  
  59  10:03  Photon Cannon  
  59  10:11  Stargate  
  59  10:15  Probe  
  60  10:27  Probe  
  61  10:40  Probe  
  62  10:56  Probe  
  63  11:03  Protoss Ground Weapons Level 1  
  71  11:07  Tempest  
  71  11:08  Tempest x3, Mothership (Chrono Boost)  
  91  11:14  Protoss Air Armor Level 1  
  91  11:28  Shield Battery  
  91  11:31  Shield Battery  
  91  11:35  Shield Battery  
  91  11:38  Photon Cannon  
  91  11:45  Probe (Chrono Boost)  
  92  11:51  Carrier x3  
  92  11:52  Carrier  
  116  11:57  Probe (Chrono Boost)  
  117  12:01  Probe (Chrono Boost)  
  118  12:11  Probe  
  119  12:23  Probe  
  119  12:28  Unknown  
  120  12:55  Tempest, Carrier x2  
  137  13:08  Warp Gate  
  137  13:32  Pylon  
  137  13:35  Pylon  
  137  13:37  Tempest  
  137  13:38  Pylon  
  137  13:39  Carrier  
  136  13:41  Pylon  
  136  13:44  Pylon  
  136  13:47  Pylon  
  72  15:06  Protoss Air Weapons Level 2  
  72  16:00  Mothership  
  80  16:05  Tempest x3  
  80  16:06  Tempest  
  100  16:32  Stalker  
  102  16:43  Protoss Shields Level 2  
  102  16:48  Carrier  
  102  16:49  Carrier x3  
  126  16:54  Photon Cannon  
  126  17:26  Robotics Facility  
  126  17:53  Tempest, Carrier x3  
  149  18:14  Warp Prism  
  151  18:36  Tempest  
  156  18:57  Carrier x3  
  173  19:19  Carrier  
  158  20:01  Carrier x3  
  176  20:15  Mothership  
  184  20:23  Tempest  
  189  21:54  Protoss Shields Level 3  
  189  22:14  Protoss Air Weapons Level 3  
  189  22:41  Carrier  
  187  24:55  Tempest  
  184  25:08  Protoss Air Armor Level 2  
Show
View Real Time Build Order
Export as new Build Order

Moesg Zerg - Winner!

Build Orders: Hatch First 

Get SALT Encoding   

  12  0:01  Drone  
  13  0:13  Overlord  
  13  0:18  Drone  
  14  0:32  Drone  
  14  0:33  Drone  
  16  0:37  Drone  
  17  0:48  Drone  
  18  0:58  Drone  
  19  1:06  Hatchery  
  19  1:09  Extractor  
  17  1:17  Drone  
  18  1:28  Drone, Spawning Pool  
  18  1:37  Drone  
  19  2:00  Drone  
  20  2:07  Hatchery  
  19  2:14  Metabolic Boost  
  19  2:18  Zergling x4  
  19  2:19  Zergling x2  
  22  2:26  Zergling x2  
  23  2:37  Zergling x2  
  23  2:38  Zergling x2  
  24  2:44  Zergling x4  
  24  2:50  Lair  
  26  3:00  Zergling x4  
  28  3:14  Overlord  
  28  3:21  Zergling x4  
  28  3:23  Zergling x2  
  28  3:26  Zergling x2  
  32  3:31  Drone  
  32  3:32  Drone  
  34  3:40  Drone x2  
  36  3:41  Drone  
  36  3:47  Extractor  
  32  4:09  Drone x6  
  35  4:10  Drone x3  
  33  4:22  Drone  
  33  4:23  Drone x2  
  34  4:32  Hydralisk Den  
  33  4:40  Drone x2, Spine Crawler  
  33  4:41  Drone, Spine Crawler  
  33  4:43  Spore Crawler  
  33  4:45  Extractor  
  32  4:46  Overlord  
  32  4:47  Extractor  
  32  4:51  Drone x2  
  32  4:52  Extractor x2  
  31  4:58  Drone x2  
  33  5:01  Evolution Chamber  
  33  5:02  Grooved Spines  
  32  5:10  Drone x2  
  32  5:11  Drone x2  
  36  5:17  Hydralisk  
  36  5:18  Hydralisk  
  40  5:23  Hydralisk  
  42  5:29  Zerg Missile Weapons Level 1  
  42  5:35  Drone x2  
  44  5:40  Drone x2  
  46  5:42  Hydralisk  
  46  5:48  Hydralisk  
  50  5:51  Overseer  
  50  5:59  Overlord  
  50  6:04  Overlord  
  50  6:14  Muscular Augments  
  50  6:16  Overlord  
  50  6:20  Drone x3  
  50  6:21  Drone x3  
  56  6:27  Hydralisk  
  56  6:29  Hydralisk  
  60  6:40  Hydralisk x2  
  60  6:46  Hydralisk x2  
  66  6:48  Hydralisk  
  66  6:51  Hydralisk  
  72  6:55  Overlord  
  72  7:06  Drone x2  
  72  7:07  Overlord  
  74  7:16  Hydralisk x4  
  82  7:25  Queen, Zerg Missile Weapons Level 2  
  84  7:32  Drone  
  84  7:33  Drone x3  
  84  7:36  Overlord  
  88  7:39  Overlord  
  88  7:50  Hydralisk  
  90  7:52  Overlord  
  90  8:13  Hydralisk x2  
  90  8:14  Hydralisk x6  
  106  8:22  Spore Crawler  
  106  8:26  Spire  
  104  8:27  Drone x3  
  103  8:38  Hydralisk  
  103  8:39  Hydralisk x2  
  107  8:50  Overseer  
  67  9:13  Hydralisk x3  
  67  9:14  Hydralisk x6  
  75  9:33  Queen  
  75  9:34  Drone x3  
  80  9:39  Zerg Flyer Weapons Level 1  
  80  9:40  Corruptor x3  
  86  9:55  Corruptor x3  
  92  10:05  Corruptor x3  
  98  10:11  Hatchery  
  97  10:20  Corruptor x3  
  97  10:21  Corruptor  
  105  10:30  Overlord  
  105  10:32  Overlord  
  105  10:33  Overlord x2  
  105  10:40  Overseer  
  105  10:41  Overseer x2  
  105  10:59  Hatchery, Hydralisk x6  
  105  11:00  Corruptor  
  105  11:01  Corruptor  
  120  11:13  Queen  
  120  11:14  Overlord  
  120  11:15  Overlord x2  
  122  11:30  Zerg Ground Armor Level 1  
  122  11:35  Zerg Flyer Weapons Level 2  
  122  11:38  Corruptor x3  
  128  11:40  Hydralisk  
  128  11:41  Infestation Pit  
  129  11:53  Corruptor x3  
  135  12:02  Overseer x2  
  135  12:06  Drone x4  
  135  12:07  Drone x4  
  143  12:12  Drone x3  
  146  12:25  Overlord x3  
  146  12:33  Hydralisk x4  
  146  12:34  Hydralisk  
  100  13:06  Corruptor x4  
  100  13:07  Corruptor x5  
  110  13:20  Hydralisk x3  
  110  13:21  Hydralisk x3  
  116  13:35  Extractor  
  116  13:36  Extractor  
  114  13:47  Corruptor x5, Mutalisk  
  114  13:48  Corruptor  
  125  13:57  Hydralisk x5  
  134  14:06  Hydralisk x3  
  140  14:16  Corruptor x2  
  142  14:17  Corruptor  
  103  14:45  Hydralisk x6  
  103  14:46  Hydralisk  
  98  15:16  Hydralisk x6  
  110  15:41  Drone x3  
  110  15:42  Drone x4  
  107  16:48  Hatchery  
  78  17:12  Drone x2  
  78  17:13  Drone x3  
  79  17:49  Drone  
  79  17:50  Drone  
  81  18:35  Hatchery  
  80  18:52  Extractor  
  80  18:53  Drone  
  80  18:54  Drone x4  
  77  19:21  Drone x3  
  77  19:22  Drone x5  
  85  19:41  Corruptor  
  87  20:01  Extractor  
  87  20:05  Extractor  
  85  20:10  Corruptor x5  
  95  20:38  Hatchery  
  94  20:44  Zerg Flyer Armor Level 1  
  94  20:45  Hive  
  94  20:47  Corruptor x4  
  102  20:56  Corruptor x2  
  106  21:04  Hydralisk x2  
  110  21:19  Hydralisk x5  
  120  21:27  Hydralisk x2  
  124  21:41  Hydralisk x2  
  124  21:42  Hydralisk x3  
  134  22:08  Hydralisk  
  134  22:09  Hydralisk x3  
  134  22:14  Overlord x3  
  134  22:15  Overlord x2  
  142  22:35  Corruptor  
  142  22:36  Corruptor x4  
  152  23:01  Corruptor x5  
  162  23:46  Queen  
  162  23:47  Queen, Overlord x3  
  162  23:48  Overlord x2  
  166  24:27  Corruptor  
  166  24:28  Corruptor x7  
  166  24:29  Corruptor x4  
  190  24:47  Overseer x2  
  190  24:49  Pneumatized Carapace  
  190  25:42  Overlord x3  
  190  26:30  Hatchery  
  189  26:47  Zerg Flyer Weapons Level 3  
  189  26:49  Zerg Missile Weapons Level 3  
Show
View Real Time Build Order
Export as new Build Order

Wipeout Protoss - Winner!

Build Orders: Oracle Opening 

Get SALT Encoding   

  12  0:00  Probe  
  13  0:12  Probe  
  14  0:25  Pylon  
  14  0:28  Probe  
  15  0:40  Assimilator  
  15  0:45  Gateway  
  15  0:48  Probe (Chrono Boost)  
  17  0:58  Probe (Chrono Boost)  
  17  1:03  Probe (Chrono Boost), Assimilator  
  18  1:14  Probe (Chrono Boost)  
  19  1:23  Probe (Chrono Boost)  
  20  1:29  Probe  
  21  1:39  Forge  
  21  1:47  Cybernetics Core  
  21  1:50  Probe  
  22  2:02  Probe  
  23  2:12  Nexus  
  23  2:24  Pylon  
  23  2:42  Probe  
  24  2:46  Stargate  
  24  2:54  Probe  
  24  2:55  Assimilator  
  25  2:59  Assimilator  
  25  3:06  Probe  
  26  3:14  Photon Cannon  
  26  3:18  Probe (Chrono Boost)  
  26  3:19  Photon Cannon  
  27  3:30  Probe (Chrono Boost), Pylon  
  28  3:35  Probe (Chrono Boost)  
  28  3:38  Oracle  
  32  3:45  Probe  
  33  3:51  Probe  
  34  4:00  Probe (Chrono Boost)  
  34  4:01  Protoss Air Weapons Level 1  
  35  4:03  Probe (Chrono Boost)  
  37  4:12  Probe (Chrono Boost)  
  37  4:13  Probe (Chrono Boost)  
  37  4:15  Oracle (Chrono Boost)  
  41  4:21  Probe  
  42  4:31  Shield Battery  
  42  4:35  Probe (Chrono Boost)  
  42  4:38  Probe (Chrono Boost)  
  45  4:46  Probe (Chrono Boost)  
  45  4:50  Probe (Chrono Boost), Fleet Beacon  
  45  4:51  Probe (Chrono Boost)  
  45  4:52  Pylon  
  46  4:54  Pylon  
  46  4:57  Pylon  
  46  4:59  Probe  
  48  5:02  Pylon  
  48  5:09  Probe  
  49  5:19  Photon Cannon  
  49  5:21  Probe  
  50  5:33  Probe  
  50  5:34  Cybernetics Core  
  51  5:37  Stargate x2  
  51  5:39  Stargate  
  51  5:47  Protoss Shields Level 1  
  51  6:14  Photon Cannon  
  51  6:15  Photon Cannon, Tempest  
  51  6:17  Pylon  
  56  6:29  Tempest  
  61  6:35  Protoss Air Armor Level 1  
  61  6:38  Probe (Chrono Boost)  
  62  6:40  Protoss Air Weapons Level 2  
  64  6:48  Probe x2 (Chrono Boost)  
  64  6:49  Tempest  
  64  6:53  Probe (Chrono Boost)  
  70  7:02  Pylon  
  70  7:04  Probe, Pylon  
  70  7:07  Pylon  
  71  7:16  Probe  
  72  7:34  Unknown  
  69  7:47  Tempest x4 (Chrono Boost)  
  86  8:29  Nexus, Twilight Council  
  86  8:31  Tempest  
  86  8:32  Assimilator  
  91  8:35  Tempest  
  91  8:36  Assimilator  
  91  8:38  Pylon x2  
  96  8:59  Tempest  
  101  9:26  Tempest x2  
  111  9:38  Protoss Shields Level 2  
  111  9:41  Probe  
  111  9:45  Probe  
  113  9:53  Probe  
  113  9:57  Probe  
  115  10:04  Pylon x2  
  115  10:05  Probe  
  115  10:06  Pylon  
  116  10:07  Pylon  
  116  10:09  Probe, Pylon x2, Tempest  
  116  10:11  Pylon  
  116  10:13  Pylon  
  122  10:24  Robotics Facility  
  122  10:27  Templar Archives  
  122  10:42  Blink  
  122  11:04  Tempest  
  122  11:08  Nexus  
  127  11:11  Assimilator  
  127  11:15  Assimilator  
  127  11:17  Pylon x2, Tempest  
  132  11:22  Tempest  
  137  11:31  Tempest  
  142  11:47  Tempest  
  147  12:08  Tempest x2  
  157  12:13  Tempest  
  162  12:30  Protoss Air Armor Level 2  
  162  12:37  Pylon x2  
  162  12:39  Pylon  
  162  12:41  Pylon  
  162  12:42  Pylon  
  162  12:43  Probe (Chrono Boost)  
  162  12:44  Pylon  
  159  12:53  Probe x2 (Chrono Boost)  
  159  12:58  Probe (Chrono Boost)  
  135  13:00  Probe  
  135  13:05  Tempest x4  
  142  13:12  Probe  
  103  13:48  Tempest x4  
  108  14:06  Probe  
  106  14:10  Cybernetics Core  
  106  14:14  Forge  
  84  14:18  Probe  
  84  14:21  Protoss Air Weapons Level 3  
  82  14:30  Probe, Tempest  
  82  14:31  Tempest  
  93  14:42  Probe  
  94  14:49  Tempest x2  
  104  14:54  Probe  
  105  15:13  Tempest x2  
  115  15:18  Probe  
  116  15:30  Probe  
  116  15:33  Tempest  
  122  15:42  Probe  
  122  15:45  Photon Cannon  
  122  15:47  Shield Battery  
  123  15:55  Probe  
  124  16:05  Psionic Storm  
  124  16:09  Gateway  
  124  16:21  Tempest x2  
  134  17:11  Tempest x4  
  154  17:26  Protoss Shields Level 3  
  139  17:49  Protoss Air Armor Level 3  
  139  17:54  Tempest  
  144  18:10  Robotics Facility  
  144  18:11  Warp Gate  
  144  18:29  Gateway  
  144  18:30  Gateway  
  144  18:31  Gateway  
  144  18:32  Protoss Ground Weapons Level 1  
  144  18:33  Gateway  
  144  18:34  Gateway  
  144  18:36  Gateway  
  144  18:41  Charge  
  144  19:09  Observer  
  145  19:11  Nexus, Tempest x2  
  145  19:14  Assimilator  
  155  19:19  Assimilator  
  155  19:22  Pylon  
  155  19:23  Pylon  
  155  19:27  Pylon  
  155  19:29  Pylon  
  155  19:30  Observer  
  120  20:24  Protoss Ground Armor Level 1  
  110  20:31  Tempest x4  
  110  21:14  Tempest x2  
  98  22:16  Nexus  
  55  23:03  Nexus  
  55  23:06  Assimilator  
  55  23:22  Pylon  
  55  23:24  Pylon  
  55  23:38  Probe x3  
  58  23:42  Tempest x4  
  78  23:49  Zealot x3  
  78  23:50  Probe x3, Zealot x4  
  78  23:51  Zealot  
  97  24:02  Probe x3  
  100  24:13  Probe (Chrono Boost)  
  104  24:19  Probe x3 (Chrono Boost)  
  105  24:24  Probe (Chrono Boost)  
  105  24:25  Tempest x2  
  105  24:28  Probe x3 (Chrono Boost)  
  105  24:29  Probe (Chrono Boost)  
  119  24:39  Probe  
  120  25:11  Tempest  
  120  25:12  Tempest x2  
  135  26:43  Protoss Ground Armor Level 2  
  135  26:44  Protoss Ground Weapons Level 2  
  135  27:18  Probe (Chrono Boost)  
  136  27:28  Probe (Chrono Boost)  
  137  29:21  Pylon  
  137  29:32  Pylon  
Show
View Real Time Build Order
Export as new Build Order

Hagoromo Protoss 

Build Orders: Carriers 

Get SALT Encoding   

  12  0:02  Probe (Chrono Boost)  
  13  0:12  Probe (Chrono Boost)  
  14  0:16  Probe (Chrono Boost)  
  15  0:27  Pylon  
  15  0:30  Assimilator  
  15  0:45  Probe  
  16  0:50  Gateway  
  16  0:59  Gateway  
  16  1:03  Probe (Chrono Boost)  
  17  1:13  Probe (Chrono Boost)  
  17  1:18  Probe (Chrono Boost), Pylon  
  19  1:33  Assimilator  
  19  1:42  Zealot  
  19  1:44  Cybernetics Core  
  21  1:50  Gateway  
  21  1:58  Pylon  
  21  2:03  Probe (Chrono Boost)  
  22  2:15  Probe (Chrono Boost)  
  23  2:19  Probe (Chrono Boost)  
  23  2:20  Stalker  
  26  2:24  Stalker  
  26  2:29  Probe  
  29  2:44  Stalker  
  29  2:49  Probe  
  32  3:06  Nexus  
  32  3:12  Assimilator  
  32  3:17  Assimilator  
  32  3:23  Stalker  
  34  3:31  Stalker  
  36  3:39  Stalker  
  38  3:49  Probe (Chrono Boost)  
  39  3:57  Pylon  
  39  4:02  Pylon  
  39  4:05  Probe  
  36  4:11  Stalker  
  36  4:21  Stalker  
  36  4:28  Stalker  
  38  4:35  Probe (Chrono Boost)  
  39  4:44  Probe (Chrono Boost)  
  41  4:46  Probe (Chrono Boost)  
  41  4:52  Probe (Chrono Boost)  
  43  4:53  Gateway  
  43  4:54  Probe (Chrono Boost)  
  43  4:57  Probe (Chrono Boost)  
  44  5:07  Probe  
  44  5:13  Stalker x2  
  49  5:19  Probe  
  49  5:20  Twilight Council  
  50  5:26  Stargate  
  50  5:30  Probe (Chrono Boost)  
  52  5:36  Probe (Chrono Boost)  
  52  5:41  Probe (Chrono Boost)  
  53  5:46  Probe (Chrono Boost)  
  54  5:52  Pylon  
  54  5:56  Pylon  
  54  5:58  Probe (Chrono Boost)  
  56  6:08  Probe x2 (Chrono Boost), Pylon  
  57  6:13  Probe (Chrono Boost)  
  57  6:14  Probe  
  59  6:20  Fleet Beacon  
  59  6:23  Stargate  
  59  6:26  Probe  
  60  6:34  Probe  
  60  6:38  Protoss Air Weapons Level 1  
  61  6:46  Probe  
  62  6:48  Forge  
  62  7:02  Stargate  
  62  7:08  Carrier  
  68  7:10  Carrier  
  74  7:16  Nexus  
  74  7:19  Pylon  
  74  7:22  Assimilator  
  74  7:26  Assimilator  
  74  7:29  Pylon  
  61  7:45  Probe (Chrono Boost)  
  63  7:52  Probe (Chrono Boost)  
  63  7:55  Probe (Chrono Boost)  
  64  7:59  Pylon  
  64  8:00  Probe (Chrono Boost)  
  64  8:03  Probe (Chrono Boost)  
  64  8:05  Probe (Chrono Boost)  
  66  8:10  Photon Cannon  
  66  8:11  Probe  
  68  8:14  Photon Cannon  
  68  8:17  Photon Cannon  
  68  8:23  Probe  
  62  8:57  Carrier  
  60  9:10  Nexus  
  60  9:25  Pylon  
  60  9:39  Photon Cannon  
  60  9:44  Photon Cannon  
  60  9:45  Photon Cannon  
  60  9:50  Photon Cannon  
  60  9:52  Shield Battery  
  60  9:57  Carrier x2  
  72  10:24  Photon Cannon  
  72  10:29  Photon Cannon  
  72  10:33  Probe (Chrono Boost)  
  74  10:43  Probe (Chrono Boost)  
  74  10:48  Probe (Chrono Boost)  
  74  10:49  Stargate  
  75  10:52  Stargate  
  81  10:57  Carrier  
  81  10:59  Probe  
  82  11:07  Stalker (Chrono Boost)  
  82  11:09  Stalker (Chrono Boost)  
  82  11:11  Warp Gate  
  88  11:13  Stalker (Chrono Boost)  
  88  11:21  Tempest  
  88  11:25  Probe  
  94  11:26  Probe  
  95  11:34  Probe  
  95  11:37  Probe  
  97  11:40  Pylon  
  97  11:43  Probe  
  98  11:49  Probe  
  99  11:58  Tempest  
  99  11:59  Tempest  
  109  12:02  Tempest  
  114  12:12  Pylon  
  114  12:14  Pylon  
  114  12:18  Pylon  
  114  12:42  Tempest  
  100  13:16  Carrier, Tempest  
  100  13:17  Carrier  
  123  14:10  Carrier x2  
  123  14:12  Tempest  
  78  15:07  Carrier, Tempest  
  78  15:09  Carrier  
  95  15:25  Stalker  
  95  15:26  Stalker x2  
  95  15:28  Stalker  
  103  15:31  Tempest x2  
  113  15:43  Nexus  
  113  15:56  Unknown  
  109  16:13  Stalker  
  109  16:14  Stalker  
  109  16:15  Stalker  
  109  16:16  Stalker  
  83  16:38  Tempest, Carrier x2  
  65  17:21  Carrier  
  51  23:08  Carrier x3  
  51  23:09  Carrier  
  50  24:00  Carrier  
  56  24:05  Anion Pulse-Crystals  
  56  24:12  Carrier x2  
  56  24:13  Carrier  
  75  25:09  Unknown  
Show
View Real Time Build Order
Export as new Build Order

NeutralCloud Terran 

Build Orders:  

Get SALT Encoding   

  12  0:30  SCV  
  13  0:39  Supply Depot  
  13  0:42  SCV  
  14  0:49  Refinery  
  14  0:55  SCV, Engineering Bay  
  15  1:02  Barracks  
  15  1:07  SCV  
  16  1:19  SCV  
  17  1:31  SCV  
  18  1:33  Refinery  
  18  1:43  SCV  
  19  1:55  SCV, Marine  
  21  2:03  Factory  
  21  2:05  Missile Turret  
  21  2:08  SCV  
  22  2:12  Marine  
  23  2:37  Orbital Command  
  23  2:41  Supply Depot  
  23  2:47  Factory Tech Lab  
  23  2:49  Starport  
  23  3:01  Armory  
  23  3:02  Marine  
  23  3:05  SCV  
  25  3:09  Widow Mine  
  27  3:17  SCV  
  28  3:20  Marine  
  28  3:26  Starport Tech Lab  
  29  3:29  SCV  
  30  3:38  Marine  
  31  3:47  Supply Depot  
  31  3:49  Fusion Core  
  31  3:53  Supply Depot  
  31  3:54  Drilling Claws  
  31  3:59  SCV, Terran Ship Weapons Level 1  
  27  4:05  Marine  
  27  4:09  Widow Mine  
  28  4:11  SCV  
  29  4:23  SCV, Marine  
  31  4:51  Command Center  
  31  4:52  Marine  
  32  4:58  Battlecruiser  
  38  5:01  SCV  
  39  5:11  Widow Mine  
  39  5:13  SCV  
  42  5:22  Terran Infantry Weapons Level 1  
  42  5:32  Widow Mine  
  44  5:37  Barracks Tech Lab  
  44  5:53  Terran Vehicle And Ship Armor Level 1, Command Center  
  44  6:04  Orbital Command  
  44  6:09  SCV, Refinery  
  45  6:17  Weapon Refit  
  45  6:21  SCV  
  45  6:22  Refinery  
  46  6:28  Missile Turret  
  46  6:33  SCV x2  
  46  6:38  Widow Mine  
  50  6:45  SCV x2  
  52  6:57  SCV, Missile Turret  
  52  6:58  SCV  
  52  6:59  Widow Mine  
  52  7:00  Marine  
  57  7:09  SCV  
  57  7:10  Battlecruiser  
  64  7:18  Marine  
  64  7:20  Widow Mine  
  64  7:21  SCV  
  68  7:33  SCV  
  68  7:36  Marine  
  70  7:46  SCV  
  71  7:54  Marine, Widow Mine  
  71  7:58  SCV  
  75  8:03  Orbital Command  
  70  8:14  Battlecruiser  
  70  8:15  Widow Mine  
  78  8:28  Terran Ship Weapons Level 2  
  78  8:31  Starport  
  78  8:37  Widow Mine  
  80  8:57  Orbital Command  
  80  8:58  Widow Mine  
  80  9:00  SCV  
  83  9:11  Starport Tech Lab  
  83  9:12  SCV  
  83  9:13  Corvid Reactor  
  84  9:19  Widow Mine  
  86  9:24  SCV  
  86  9:30  Missile Turret  
  87  9:34  Battlecruiser  
  93  9:43  SCV, Battlecruiser  
  100  9:51  Supply Depot  
  100  9:54  Supply Depot x2  
  100  9:56  Supply Depot  
  100  9:59  SCV  
  101  10:04  Smart Servos  
  101  10:11  SCV, Refinery  
  101  10:12  Supply Depot  
  102  10:15  Supply Depot x2  
  102  10:20  Supply Depot  
  102  10:23  SCV  
  103  10:31  Refinery  
  103  10:35  SCV, Supply Depot  
  104  10:38  Battlecruiser  
  104  10:39  Supply Depot  
  110  10:44  Terran Vehicle And Ship Armor Level 2  
  110  10:48  SCV  
  110  10:49  Starport  
  111  10:51  Missile Turret  
  111  10:55  Missile Turret  
  111  10:58  Missile Turret  
  111  11:00  SCV  
  112  11:08  Battlecruiser  
  118  11:13  SCV  
  119  11:28  Hi-Sec Auto Tracking  
  119  11:31  Widow Mine  
  121  11:42  Starport Tech Lab, Raven  
  123  11:49  SCV  
  123  11:52  Widow Mine  
  126  11:57  Missile Turret  
  126  12:01  SCV  
  127  12:13  Battlecruiser  
  133  12:32  Battlecruiser, Raven  
  72  13:55  Terran Ship Weapons Level 3  
  72  14:09  SCV  
  73  14:21  SCV, Command Center  
  73  14:22  Refinery  
  74  14:24  Refinery, Starport  
  74  14:28  Missile Turret x3, Starport  
  74  14:31  Missile Turret  
  74  14:33  SCV  
  75  14:44  Battlecruiser  
  75  14:45  SCV  
  82  14:48  Neosteel Armor  
  82  14:54  Command Center  
  82  14:56  Refinery  
  82  14:57  SCV, Refinery  
  83  15:25  Missile Turret  
  83  15:26  Missile Turret  
  83  15:27  Missile Turret  
  83  15:34  Battlecruiser x2  
  95  15:45  Orbital Command  
  95  15:49  Battlecruiser  
  101  15:56  Missile Turret x2  
  101  15:58  Missile Turret  
  101  16:08  Orbital Command  
  101  16:19  Missile Turret  
  99  16:31  Missile Turret x2  
  99  16:32  Terran Vehicle And Ship Armor Level 3  
  99  16:38  Battlecruiser x2  
  103  17:08  Battlecruiser  
  110  17:16  Widow Mine  
  112  17:37  Widow Mine  
  112  17:42  Battlecruiser, Viking  
  122  17:58  Widow Mine  
  122  18:12  Battlecruiser, Viking, Command Center  
  132  18:20  Widow Mine  
  132  18:36  Refinery  
  132  18:37  Refinery  
  134  18:41  Widow Mine  
  134  18:42  Battlecruiser  
  134  18:46  Raven  
  128  19:17  Battlecruiser  
  80  20:09  Battlecruiser x2  
  80  20:11  Orbital Command  
  96  20:21  Battlecruiser  
  96  20:33  Missile Turret  
  96  20:42  Refinery  
  92  20:52  Missile Turret  
  92  21:04  SCV  
  93  21:12  Missile Turret  
  93  21:13  Battlecruiser x2  
  93  21:15  Widow Mine  
  93  21:16  SCV  
  104  21:19  Terran Vehicle Weapons Level 1  
  104  21:25  Battlecruiser  
  110  21:28  SCV  
  111  21:36  Widow Mine  
  113  21:58  Widow Mine  
  115  22:17  Battlecruiser  
  115  22:19  Widow Mine  
  107  22:40  Widow Mine  
Show
View Real Time Build Order
Export as new Build Order

andrioso Protoss 

Build Orders: Carriers 

Get SALT Encoding   

  12  0:01  Probe (Chrono Boost)  
  13  0:11  Probe (Chrono Boost)  
  14  0:16  Probe (Chrono Boost)  
  15  0:24  Pylon  
  15  0:31  Assimilator  
  15  0:42  Probe  
  16  0:50  Gateway  
  16  0:54  Probe  
  17  1:06  Probe (Chrono Boost)  
  18  1:16  Assimilator  
  18  1:18  Probe (Chrono Boost)  
  19  1:28  Probe (Chrono Boost)  
  20  1:33  Probe  
  21  1:42  Cybernetics Core  
  21  1:53  Nexus  
  21  2:02  Pylon  
  21  2:03  Probe  
  22  2:22  Stargate  
  22  2:30  Stargate  
  22  2:40  Assimilator  
  22  2:53  Probe (Chrono Boost), Assimilator  
  23  3:04  Probe (Chrono Boost)  
  24  3:10  Probe (Chrono Boost)  
  24  3:11  Probe (Chrono Boost)  
  24  3:12  Protoss Air Weapons Level 1 (Chrono Boost)  
  28  3:20  Probe (Chrono Boost)  
  28  3:22  Probe (Chrono Boost)  
  28  3:25  Probe (Chrono Boost), Void Ray  
  33  3:36  Probe  
  33  3:37  Void Ray  
  38  3:48  Probe (Chrono Boost)  
  38  3:54  Probe (Chrono Boost)  
  40  3:58  Probe (Chrono Boost)  
  41  4:06  Stargate  
  41  4:08  Void Ray  
  45  4:26  Cybernetics Core  
  46  4:33  Probe (Chrono Boost)  
  46  4:36  Pylon  
  46  4:41  Pylon  
  46  4:52  Void Ray  
  46  4:54  Probe x2, Void Ray  
  52  5:06  Probe  
  57  5:18  Probe  
  58  5:25  Protoss Air Armor Level 1 (Chrono Boost)  
  58  5:30  Probe  
  58  5:33  Fleet Beacon  
  59  5:46  Nexus  
  59  5:57  Pylon  
  59  6:08  Pylon  
  59  6:09  Void Ray  
  59  6:12  Pylon  
  59  6:14  Void Ray  
  63  6:25  Pylon  
  67  6:35  Pylon  
  67  6:38  Protoss Air Weapons Level 2 (Chrono Boost)  
  67  6:46  Forge  
  67  6:58  Probe (Chrono Boost)  
  68  7:04  Carrier  
  75  7:08  Probe (Chrono Boost)  
  75  7:13  Probe (Chrono Boost)  
  76  7:25  Probe, Photon Cannon  
  76  7:28  Photon Cannon  
  78  7:37  Probe  
  78  7:44  Carrier  
  78  7:45  Carrier  
  78  7:49  Probe  
  78  7:51  Pylon  
  91  8:00  Pylon  
  91  8:01  Probe  
  92  8:13  Protoss Air Armor Level 2 (Chrono Boost)  
  92  8:38  Carrier  
  98  8:47  Stargate x2  
  98  8:51  Pylon  
  98  8:55  Carrier  
  104  9:00  Carrier  
  110  9:04  Assimilator  
  110  9:07  Probe (Chrono Boost)  
  110  9:08  Assimilator  
  107  9:17  Probe (Chrono Boost)  
  108  9:21  Probe (Chrono Boost)  
  109  9:27  Pylon  
  109  9:31  Pylon, Tempest  
  109  9:33  Tempest  
  119  9:52  Tempest  
  124  9:56  Pylon  
  124  10:06  Probe (Chrono Boost)  
  125  10:13  Tempest  
  130  10:15  Tempest  
  130  10:16  Probe (Chrono Boost)  
  130  10:19  Pylon  
  130  10:21  Probe (Chrono Boost)  
  137  10:40  Protoss Air Weapons Level 3 (Chrono Boost)  
  137  10:57  Protoss Air Armor Level 3 (Chrono Boost)  
  137  11:00  Tempest  
  142  11:09  Pylon  
  142  11:13  Pylon  
  142  11:16  Pylon  
  142  11:19  Pylon  
  142  11:20  Carrier  
  142  11:23  Tempest  
  153  11:34  Tempest  
  158  12:01  Tempest  
  163  12:02  Tempest  
  168  12:12  Carrier  
  165  12:32  Carrier  
  171  12:42  Tempest  
  88  14:56  Carrier  
  88  14:57  Carrier  
  88  14:58  Carrier  
  88  14:59  Carrier  
  107  15:01  Carrier  
  107  15:05  Stargate  
  107  15:55  Tempest (Chrono Boost)  
  106  16:02  Tempest (Chrono Boost)  
  106  16:03  Tempest (Chrono Boost)  
  106  16:04  Tempest (Chrono Boost)  
  106  16:07  Tempest (Chrono Boost)  
  129  16:16  Tempest (Chrono Boost)  
  76  17:18  Tempest  
  76  17:20  Tempest  
  76  17:21  Tempest  
  76  17:22  Tempest  
  90  17:23  Tempest  
  90  17:25  Tempest  
  95  18:26  Nexus  
  95  18:28  Tempest  
  95  18:29  Tempest  
  95  18:30  Tempest  
  110  18:58  Nexus  
  100  20:14  Assimilator  
  100  20:17  Probe  
  100  20:19  Assimilator  
  81  20:29  Probe  
  82  20:41  Probe  
  83  20:50  Assimilator  
  83  20:52  Tempest  
  83  20:53  Probe  
  83  20:54  Tempest  
  89  21:05  Probe  
  90  21:14  Tempest  
  90  21:37  Tempest  
  95  22:08  Tempest  
  13  25:42  Pylon  
  8  26:19  Nexus  
  7  27:01  Nexus  
  7  27:20  Pylon  
  7  27:24  Pylon  
  7  27:28  Pylon  
  7  28:14  Nexus  
  1  28:55  Probe  
  2  29:07  Probe  
  2  29:08  Pylon  
  2  29:19  Probe  
Show
View Real Time Build Order
Export as new Build Order

Teomix Terran 

Build Orders: Command Center First (CC) 

Get SALT Encoding   

  12  0:04  SCV  
  13  0:16  SCV  
  14  0:23  Supply Depot  
  14  0:28  SCV  
  15  0:45  SCV  
  15  0:47  Refinery  
  17  0:57  SCV  
  17  1:09  SCV  
  18  1:24  Command Center  
  18  1:27  SCV  
  19  1:38  Refinery  
  19  1:39  SCV  
  20  1:50  Supply Depot  
  20  1:51  SCV  
  21  2:03  SCV  
  22  2:12  Barracks  
  22  2:16  SCV  
  23  2:28  SCV  
  24  2:38  SCV  
  24  2:39  Refinery  
  24  2:40  SCV  
  26  2:50  SCV  
  27  2:52  SCV  
  28  3:03  SCV, Factory  
  28  3:04  SCV  
  30  3:15  SCV  
  30  3:16  SCV  
  32  3:20  Refinery  
  32  3:27  SCV  
  32  3:29  Orbital Command  
  33  3:39  SCV  
  34  3:51  SCV  
  35  3:56  Starport  
  35  3:59  SCV  
  35  4:01  Factory Reactor  
  36  4:03  SCV  
  37  4:11  SCV  
  37  4:15  SCV  
  39  4:19  Marine  
  39  4:23  SCV  
  41  4:35  Starport Tech Lab  
  41  4:36  Fusion Core  
  41  4:37  Marine  
  41  4:38  SCV  
  43  4:43  SCV  
  44  4:50  SCV  
  45  4:54  Widow Mine x2  
  45  4:55  SCV, Marine  
  51  5:02  SCV  
  52  5:07  SCV  
  52  5:10  Starport  
  52  5:13  Marine  
  54  5:19  SCV x2, Widow Mine x2  
  60  5:28  Weapon Refit  
  60  5:30  Marine  
  60  5:31  SCV  
  62  5:36  Supply Depot  
  62  5:48  Starport  
  62  5:58  Supply Depot  
  62  6:03  Starport Tech Lab  
  62  6:06  Battlecruiser  
  68  6:21  Supply Depot  
  68  6:24  Orbital Command  
  68  6:29  Starport Tech Lab  
  74  6:33  Battlecruiser  
  74  6:42  Armory  
  74  7:01  Command Center  
  74  7:07  Supply Depot  
  74  7:11  Battlecruiser  
  80  7:30  Supply Depot  
  80  7:31  Battlecruiser  
  80  7:32  Starport  
  92  7:37  Battlecruiser  
  89  8:11  Starport Tech Lab  
  89  8:15  Battlecruiser  
  95  8:21  Terran Ship Weapons Level 1  
  95  8:35  Battlecruiser  
  107  8:41  Battlecruiser  
  107  9:37  Battlecruiser x2  
  119  9:42  Battlecruiser  
  125  10:44  Refinery  
  125  10:49  Refinery  
  125  10:59  SCV  
  126  11:04  Battlecruiser x2  
  138  11:11  SCV  
  138  11:13  Battlecruiser  
  145  11:23  SCV  
  146  11:29  Supply Depot  
  146  11:32  Supply Depot  
  146  11:35  Supply Depot  
  146  11:57  Battlecruiser  
  152  12:07  Supply Depot  
  152  12:08  Supply Depot  
  152  12:09  Battlecruiser  
  152  12:13  Supply Depot  
  158  12:27  Battlecruiser  
  164  12:30  Terran Vehicle And Ship Armor Level 1  
  80  14:43  Battlecruiser x3  
  80  14:44  Battlecruiser  
  86  15:47  Battlecruiser x2  
  86  15:48  Battlecruiser x2  
  110  16:04  Command Center  
  110  16:09  Refinery  
  106  16:33  Command Center  
  106  16:51  Battlecruiser  
  106  16:52  Battlecruiser x3  
  130  17:47  Refinery  
  124  18:46  Battlecruiser x3  
  70  20:16  Command Center  
  70  20:20  Refinery  
  70  20:35  Battlecruiser x2  
  82  20:38  Battlecruiser  
  94  21:25  Battlecruiser  
  94  21:45  Orbital Command  
  33  22:45  SCV  
  34  22:58  SCV  
Tags
 
Add a new tag
Caveats
  • Supply blocks, unpowered buildings, or Contaminate may cause inaccurate times.
  • Supply counts are checked every 10 seconds.